 Dungeon Crawl Stone Soup version 0.29.1-12-g30fa7ad0bf (webtiles) character file.

Game seed: 14201417231625478994

166 sweetbreads the Sneak (level 5, -4/24 HPs)
             Began as a Spriggan Enchanter on Dec 28, 2022.
             Slain by a river rat (6 damage)
             ... in a sewer.
             The game lasted 00:14:09 (2375 turns).

sweetbreads the Sneak (Spriggan Enchanter)          Turns: 2375, Time: 00:14:09

Health: -4/24      AC:  4    Str:  4    XL:     5   Next: 22%
Magic:  2/10       EV: 18    Int: 19    God:
Gold:   177        SH:  0    Dex: 15    Spells: 2/10 levels left

rFire   . . .      SeeInvis +   a - +2 dagger
rCold   . . .      Faith    .   (no shield)
rNeg    + . .      Spirit   .   A - +0 robe
rPois   .          Reflect  .   (helmet restricted)
rElec   .          Harm     .   B - +1 cloak
rCorr   .          Rampage  .   (gloves unavailable)
Will    .....                   (boots unavailable)
Stlth   ++++......              j - amulet of the acrobat
HPRegen 0.08/turn               g - ring of positive energy
MPRegen 0.12/turn               (no ring)

@: mighty, very quick
A: very small, no large weapons, unfitting armour, see invisible, speed 3
a: no special abilities


You were in a sewer.
You visited 1 branch of the dungeon, and saw 4 of its levels.
You also visited: Sewer.

You collected 177 gold pieces.

Inventory:

Hand Weapons
 a - a +2 dagger (weapon)
Armour
 A - a +0 robe (worn)
 B - a +1 cloak (worn)
Jewellery
 g - a ring of positive energy (left hand)
 j - an amulet of the acrobat (around neck)
 q - a ring of ice
Scrolls
 b - a scroll of enchant weapon
 i - 2 scrolls of amnesia {unknown}
 l - a scroll of torment {unknown}
 m - 3 scrolls of noise
 n - 2 scrolls of enchant armour {unknown}
 o - a scroll of vulnerability {unknown}
 p - a scroll of identify {unknown}
Potions
 c - 4 potions of invisibility
 e - a potion of haste {unknown}
 f - 2 potions of mutation
 k - a potion of lignification {unknown}


   Skills:
 - Level 2.0 Short Blades
 - Level 4.0 Dodging
 + Level 7.4 Stealth
 + Level 3.0 Spellcasting
 + Level 4.2 Hexes


You had 2 spell levels left.
You knew the following spells:

 Your Spells              Type           Power      Damage    Failure   Level
a - Ensorcelled Hibernat  Hex/Ice        22%        N/A       10%         2
b - Confusing Touch       Hex            19%        N/A       8%          3
c - Tukima's Dance        Hex            19%        N/A       8%          3

Your spell library contained the following spells:

 Spells                   Type           Power      Damage    Failure   Level
 Dazzling Flash           Conj/Hex       20%        N/A       19%         3


Dungeon Overview and Level Annotations

Branches:
Dungeon (4/15)              Sewer (1/1)
 Temple: D:4-7

Altars:


Innate Abilities, Weirdness & Mutations

You are very small and have problems with some larger weapons.
You are too small for most types of armour.
You have supernaturally acute eyesight. (SInv)
You cover ground extremely quickly. (Speed+++)


Message History

The jackal bites you but does no damage.
The ball python barely misses you. The ball python constricts you.
The jackal closely misses you. The river rat closely misses you.
You hit the river rat.
The river rat is moderately wounded.
The ball python misses you. The ball python constricts you.
The jackal closely misses you. The river rat closely misses you.
You hit the river rat.
The river rat is heavily wounded.
The ball python closely misses you. The ball python constricts you.
The jackal bites you but does no damage.
The ball python barely misses you. The ball python constricts you.
You hit the river rat but do no damage.
The river rat is heavily wounded.
The jackal completely misses you. The river rat barely misses you.
The ball python completely misses you. The ball python constricts you.
You escape the ball python's grasp.
You barely miss the jackal. The jackal barely misses you.
The river rat bites you.
* * * LOW HITPOINT WARNING * * *
The jackal bites you.
* * * LOW HITPOINT WARNING * * *
Unknown command.
You hit the jackal but do no damage. The jackal closely misses you.
The river rat barely misses you.
You closely miss the jackal. The jackal misses you.
The river rat barely misses you.
You closely miss the jackal. The jackal misses you. The river rat bites you.
* * * LOW HITPOINT WARNING * * *
Unknown command.
You hit the jackal.
The jackal is lightly wounded.
The jackal bites you.
* * * LOW HITPOINT WARNING * * *
The jackal barely misses you.
Unknown command.
It was a potion of might.
You feel very mighty all of a sudden. The river rat bites you.
You die...

#~≈~# #....# #.. #~≈~#
###### ###
#~≈~############# ..
#~≈~~~~~~...~~~~. ...
#.≈.≈≈≈≈≈≈≈≈≈≈≈≈≈ ....#
#~≈~~.~.~~~.~~~~~
.~....####~≈~#############
#~~.~~.##~≈~#
###~~.Sh@~≈~#############
≈≈≈≈≈~.~r≈≈≈~~~~.~~~†~.~~~
≈≈≈≈≈≈≈≈≈≈≈≈≈≈≈≈≈≈≈≈≈≈≈≈≈≈
≈≈≈≈≈≈≈≈≈≈≈≈≈≈≈≈≈≈≈≈≈≈≈≈≈≈
##########################


You could see a river rat, a jackal and a ball python.

Vanquished Creatures
  An iguana (D:4)
  6 adders
  2 river rats (Sewer)
  A worm (D:4)
  A dart slug (D:2)
  An orc (D:3)
  2 endoplasms (D:2)
  3 giant cockroaches (D:4)
  2 goblins
  6 hobgoblins
  5 jackals
  8 quokkas
  6 ball pythons
  9 bats
  4 frilled lizards
  2 kobolds (D:4)
  4 rats
63 creatures vanquished.

Notes
Turn   | Place    | Note
-------+----------+-------------------------------------------
     0 | D:1      | sweetbreads the Spriggan Enchanter began the quest for the
                  | Orb.
     0 | D:1      | Reached XP level 1. HP: 9/9 MP: 5/5
   304 | D:1      | Reached XP level 2. HP: 11/13 MP: 6/6
   544 | D:2      | Reached skill level 5 in Stealth
   683 | D:2      | Found a faded altar of an unknown god.
   790 | D:1      | Reached XP level 3. HP: 16/16 MP: 8/8
   794 | D:1      | Learned a level 2 spell: Ensorcelled Hibernation
  1917 | D:4      | Reached skill level 6 in Stealth
  1917 | D:4      | Reached XP level 4. HP: 21/21 MP: 9/9
  1921 | D:4      | Learned a level 3 spell: Confusing Touch
  1925 | D:4      | Learned a level 3 spell: Tukima's Dance
  1988 | D:4      | Found a glowing drain.
  2024 | Sewer    | Entered a sewer
  2166 | Sewer    | Reached skill level 7 in Stealth
  2166 | Sewer    | Reached XP level 5. HP: 22/24 MP: 10/10
  2374 | Sewer    | HP: 1/24 [jackal (1)]
  2375 | Sewer    | Slain by a river rat

Illustrated notes

Levels and vault maps discovered:
D:1:      wander_arrival_lonely_grave, layout_basic
D:2:      layout_basic, basic_ecumenical_altar, minmay_large_rounded_square,
          minmay_shallow_snake_nest
D:3:      layout_loops_cross, mainiacjoe_overflow_big_doors
D:4:      layout_rooms, mainiacjoe_overflow_concentric_impassable,
          gup_sewer_entry_pipe, uniq_edmund, uniq_pikel
Sewer:    sewer_fruit_machine

Skill      XL: |  1  2  3  4  5 |
---------------+----------------+-----
Dodging        | 3 4 |  4.0
Stealth        | 5 6 7 |  7.4
Hexes          | 4 |  4.2
Short Blades   | 2 |  2.0
Spellcasting   | 3 |  3.0

Action                   |  1- 3 |  4- 6 || total
-------------------------+-------+-------++-------
Melee: Dagger            |    81 |   102 ||   183
       Punch             |     1 |       ||     1
 Cast: Ensorcelled Hiber |     1 |     8 ||     9
  Use: Scroll            |     3 |       ||     3
       Potion            |       |     1 ||     1
 Stab: Sleeping          |    16 |     8 ||    24
Armor: Robe              |     9 |    31 ||    40
Dodge: Dodged            |    58 |   139 ||   197
